 Dungeon Crawl Stone Soup version 0.30.0-29-ga12c61a403 (webtiles) character file.

Game seed: 7967230201984203074

4 cdecastro the Covert (level 1, 0/13 HPs)
             Began as a Gnoll Wanderer on June 12, 2023.
             Slain by a quokka (4 damage)
             ... on level 2 of the Dungeon.
             The game lasted 00:00:52 (112 turns).

cdecastro the Covert (Gnoll Wanderer)                Turns: 112, Time: 00:00:52

Health: 0/13       AC:  2    Str:  8    XL:     1   Next: 70%
Magic:  4/4        EV: 10    Int: 11    God:
Gold:   0          SH:  5    Dex: 14    Spells: 4/5 levels left

rFire   . . .        a - +0 dagger
rCold   . . .        d - +0 buckler
rNeg    . . .        f - +0 robe
rPois   .            (no helmet)
rElec   .            (no cloak)
rCorr   .            (no gloves)
SInv    .            (no boots)
Will    .....        (no amulet)
Stlth   ++++         (no ring)
HPRegen 0.22/turn    (no ring)
MPRegen 0.09/turn

%: no passive effects
@: no status effects
A: fangs 1, strong nose, distributed training
a: no special abilities


You were on level 2 of the Dungeon.
You visited 1 branch of the dungeon, and saw 2 of its levels.

Inventory:

Hand Weapons
 a - a +0 dagger (weapon)
Missiles
 b - an atropa-tipped dart (quivered)
 c - 2 datura-tipped darts
Armour
 d - a +0 buckler (worn)
 f - a +0 robe (worn)
Jewellery
 g - a ring of ice
Scrolls
 e - a scroll of fog
 j - a scroll of enchant armour {unknown}
Potions
 h - a potion of might {unknown}
 i - a potion of berserk rage {unknown}


   Skills:
 + Level 0.1 Fighting
 + Level 0.1 Short Blades
 + Level 0.1 Long Blades
 + Level 0.1 Axes
 + Level 0.1 Maces & Flails
 + Level 0.1 Polearms
 + Level 0.1 Staves
 + Level 0.1 Ranged Weapons
 + Level 0.1 Throwing
 + Level 2.4 Armour
 + Level 0.1 Dodging
 + Level 9.5 Stealth
 + Level 4.4 Shields
 + Level 0.1 Unarmed Combat
 + Level 2.6 Spellcasting
 + Level 0.1 Conjurations
 + Level 2.0 Hexes
 + Level 0.1 Summonings
 + Level 0.1 Necromancy
 + Level 0.1 Translocations
 + Level 0.1 Transmutations
 + Level 0.1 Fire Magic
 + Level 0.1 Ice Magic
 + Level 0.1 Air Magic
 + Level 0.1 Earth Magic
 + Level 0.1 Poison Magic
 + Level 0.2 Invocations
 + Level 0.1 Evocations


You had 4 spell levels left.
You knew the following spells:

 Your Spells              Type           Power      Damage    Failure   Level
a - Slow                  Hex            20%        N/A       19%         1

Your spell library contained the following spells:

 Spells                   Type           Power      Damage    Failure   Level
 Confusing Touch          Hex            5%         N/A       50%         3


Dungeon Overview and Level Annotations

Branches:
Dungeon (1/15)

Altars:


Innate Abilities, Weirdness & Mutations

You have very sharp teeth.
Your uncanny sense of smell can sniff out nearby items.
Your experience applies equally to all skills.


Message History

Found 5 stones.
i - a fizzy brown potion A sourceless malevolence fills the Dungeon...
You fall into a shaft and drop 1 floor!
The shaft crumbles and collapses.
Found a scroll labelled RIMOHE YSIAQI.
j - a scroll labelled RIMOHE YSIAQI
Found a ring mail.
An adder comes into view.
An adder is nearby!
You open the door.
There is an open door here.
You open the large door.
An endoplasm comes into view.
A quokka comes into view.
There is a large open door here.
Found a murky sapphire potion.
There is a large open door here.
The helpless endoplasm fails to defend itself.
You impale the endoplasm!!
You kill the endoplasm!
The quokka barely misses you.
Your Hexes skill increases to level 2!
You closely miss the quokka. Your bite misses the quokka.
The quokka closely misses you.
You barely miss the quokka. The quokka bites you. x2
You hit the quokka but do no damage. The quokka bites you.
You closely miss the quokka. Your bite misses the quokka.
The quokka barely misses you.
You hit the quokka.
The quokka is severely wounded.
You block the quokka's attack. The quokka bites you.
* * * LOW HITPOINT WARNING * * *
You closely miss the quokka.
The quokka is moderately wounded.
The quokka closely misses you.
You closely miss the quokka.
The quokka is moderately wounded.
The quokka bites you.
You die...

∆##.######....#
#....!..#...# #....#
#.......#...# #.#..#
#.......#...# #.#..#
.......#...# #.#..#
#....##...#####.#..#
#....##...'.....#..#
..###..r.##...#######...
#......@.''...+
.........##...#
.........##...#
.........######
...##..... .. #...... ∆
. #...... #.......


You could see a quokka.

Vanquished Creatures
  A dart slug (D:1)
  An endoplasm (D:2)
  A rat (D:1)
3 creatures vanquished.

Notes
Turn   | Place    | Note
-------+----------+-------------------------------------------
     0 | D:1      | Reached skill level 9 in Stealth
     0 | D:1      | cdecastro the Gnoll Wanderer began the quest for the Orb.
     0 | D:1      | cdecastro set off with the following items: a +0 dagger, an
                  | atropa-tipped dart, 2 datura-tipped darts, a +0 buckler, a
                  | scroll of fog, a +0 robe; and the following spell
                  | memorised: Slow; and the following spells available to
                  | memorise: Confusing Touch.
     0 | D:1      | Reached XP level 1. HP: 13/13 MP: 4/4
    67 | D:1      | You fall into a shaft and drop 1 floor!
   112 | D:2      | Slain by a quokka

Illustrated notes

Levels and vault maps discovered:
D:1:      dpeg_arrival_simpleton_b, layout_loops_ring
D:2:      layout_basic, serial_curves, eino_curves_02, eino_curves_01,
          serial_bayou_pond_e, mrwooster_statue_mirror, minmay_heptomino_d4,
          uniq_natasha

Skill      XL: |  1 |
---------------+----+-----
Stealth        | |  9.5
Hexes          | 2 |  2.0
Fighting       | |  0.1
Short Blades   | |  0.1
Long Blades    | |  0.1
Axes           | |  0.1
Maces & Flails | |  0.1
Polearms       | |  0.1
Staves         | |  0.1
Ranged Weapons | |  0.1
Throwing       | |  0.1
Armour         | |  2.4
Dodging        | |  0.1
Shields        | |  4.4
Unarmed Combat | |  0.1
Spellcasting   | |  2.6
Conjurations   | |  0.1
Summonings     | |  0.1
Necromancy     | |  0.1
Translocations | |  0.1
Transmutations | |  0.1
Fire Magic     | |  0.1
Ice Magic      | |  0.1
Air Magic      | |  0.1
Earth Magic    | |  0.1
Poison Magic   | |  0.1
Invocations    | |  0.2
Evocations     | |  0.1

Action                     || total
---------------------------++-------
  Melee: Dagger            ||    10
   Stab: Sleeping          ||     3
  Dodge: Dodged            ||     4
  Block: Buckler           ||     1
